Map: Whitewater Line LE

Players

Duch

  • Race: Zerg Zerg
  • League: Master
  • Spawn Location: 12:00

Vudoo

  • Race: Terran Terran
  • League: Platinum
  • Spawn Location: 1:00

GrymmSundar

  • Race: Zerg Zerg
  • League: Platinum
  • Spawn Location: 1:00

Throwfordays - Winner!

  • Race: Protoss Protoss
  • Spawn Location: 6:00

Cthulhu - Winner!

  • Race: Terran Terran
  • Spawn Location: 7:00

Faust - Winner!

  • Race: Zerg Zerg
  • League: Diamond
  • Spawn Location: 7:00

VOD

Have the link to the VOD?

Description

Time

  • Played on: March 22, 2021, 10:40 p.m.
  • Length: 16:40
Show
View Real Time Build Order
Export as new Build Order

Duch Zerg 

Build Orders: Hatch First 

Get SALT Encoding   

  12  0:03  Drone  
  13  0:10  Drone  
  14  0:18  Overlord  
  14  0:27  Overlord  
  14  0:54  Hatchery  
  13  0:59  Drone  
  13  1:01  Drone  
  13  1:03  Drone  
  16  1:11  Drone  
  17  1:24  Spawning Pool  
  16  1:28  Extractor  
  16  1:29  Drone  
  16  1:38  Drone  
  17  1:44  Drone  
  18  1:56  Drone  
  19  2:05  Drone  
  20  2:09  Drone  
  21  2:16  Drone  
  21  2:20  Hatchery  
  21  2:24  Queen  
  23  2:31  Metabolic Boost  
  23  2:46  Drone x3  
  26  2:51  Drone  
  26  2:52  Drone  
  28  3:17  Extractor  
  27  3:20  Overlord  
  27  3:24  Overlord  
  27  3:35  Baneling Nest  
  27  3:38  Queen  
  28  3:42  Drone  
  28  3:43  Drone x2  
  31  3:49  Drone x2  
  31  3:50  Drone  
  31  3:52  Drone  
  31  3:53  Drone x3  
  38  3:56  Queen  
  38  3:58  Drone  
  38  4:01  Zergling x2  
  42  4:10  Drone, Evolution Chamber  
  42  4:13  Extractor  
  42  4:15  Drone  
  42  4:21  Lair  
  42  4:27  Overlord  
  42  4:28  Overlord x2  
  42  4:45  Drone  
  42  4:46  Drone  
  42  4:47  Drone x2  
  42  4:48  Drone x2  
  48  4:56  Drone  
  48  4:59  Zerg Missile Weapons Level 1  
  49  5:05  Evolution Chamber  
  49  5:06  Drone x4  
  52  5:11  Drone x2  
  52  5:12  Extractor, Drone  
  54  5:18  Extractor, Drone  
  54  5:19  Drone  
  55  5:22  Hatchery  
  55  5:23  Drone  
  55  5:25  Queen  
  55  5:27  Drone  
  58  5:37  Drone x7  
  58  5:38  Overlord  
  65  5:48  Drone  
  66  6:00  Zerg Ground Armor Level 1  
  66  6:05  Drone, Hydralisk Den  
  66  6:06  Drone x2  
  68  6:12  Drone x2  
  68  6:13  Drone x2  
  68  6:17  Queen  
  74  6:26  Overseer x2  
  74  6:27  Overseer  
  74  6:34  Zergling x2  
  74  6:35  Muscular Augments  
  74  6:37  Drone x2  
  77  6:43  Drone  
  77  6:44  Drone  
  77  6:45  Drone  
  80  6:55  Extractor  
  80  6:56  Drone  
  80  7:05  Extractor  
  80  7:07  Spore Crawler, Extractor  
  80  7:08  Drone  
  80  7:11  Overlord  
  80  7:12  Overlord  
  80  7:13  Overlord x2  
  80  7:21  Spore Crawler  
  73  7:25  Hydralisk  
  73  7:26  Hydralisk x3  
  73  7:27  Hydralisk  
  73  7:29  Zergling x2  
  80  7:30  Hydralisk x4  
  80  7:32  Drone  
  89  7:37  Overseer  
  87  7:45  Spore Crawler, Drone  
  87  7:46  Queen  
  87  7:47  Grooved Spines  
  86  7:51  Hydralisk  
  86  7:52  Hydralisk x4  
  86  7:57  Hydralisk x3  
  103  7:58  Zergling x2  
  103  8:05  Hydralisk x2  
  94  8:10  Hydralisk  
  96  8:17  Spore Crawler  
  95  8:21  Overseer x2  
  95  8:22  Queen  
  95  8:27  Hydralisk x4  
  97  8:29  Zergling x2  
  106  8:46  Overlord  
  106  8:47  Hatchery, Overlord x3  
  106  8:48  Overlord  
  105  8:52  Zerg Missile Weapons Level 2  
  105  8:54  Zerg Ground Armor Level 2  
  105  9:03  Zergling x2  
  105  9:04  Queen, Hydralisk  
  105  9:05  Hydralisk x3  
  116  9:12  Drone  
  116  9:13  Infestation Pit  
  108  9:19  Lurker Den  
  108  9:21  Hydralisk x3  
  108  9:22  Hydralisk  
  108  9:23  Hydralisk x2  
  116  9:29  Burrow  
  116  9:30  Drone  
  116  9:34  Drone  
  116  9:39  Queen  
  116  9:40  Drone  
  116  9:42  Spore Crawler  
  116  9:43  Hydralisk  
  116  9:45  Spore Crawler, Zergling x2  
  116  9:46  Hydralisk  
  116  9:50  Zergling x4  
  108  9:54  Hydralisk  
  108  9:57  Spore Crawler  
  108  9:58  Hydralisk  
  111  10:05  Drone  
  112  10:14  Hydralisk  
  114  10:15  Zergling x2, Queen  
  114  10:18  Hydralisk  
  121  10:21  Swarm Host  
  121  10:27  Hydralisk  
  122  10:38  Spine Crawler  
  121  10:43  Spine Crawler  
  120  10:51  Queen  
  120  10:52  Spore Crawler  
  120  10:53  Drone x2, Spine Crawler  
  120  10:59  Overlord  
  120  11:00  Overlord x2  
  120  11:06  Zergling x2  
  119  11:16  Hydralisk x3  
  115  11:20  Hydralisk x3  
  115  11:21  Hydralisk  
  115  11:24  Hydralisk  
  113  11:27  Queen  
  113  11:29  Hydralisk  
  113  11:30  Hydralisk  
  107  11:33  Hydralisk  
  103  11:40  Hydralisk x2  
  94  11:48  Hydralisk x2  
  94  11:53  Baneling  
  96  11:54  Hydralisk  
  96  11:59  Overseer  
  98  12:06  Drone  
  90  12:18  Drone x3  
  83  12:32  Zergling x2  
  83  12:33  Drone, Swarm Host  
  86  12:40  Hatchery, Hydralisk x2  
  86  12:41  Overlord  
  87  12:57  Overseer x4, Hydralisk  
  87  12:58  Hydralisk x4  
  89  12:59  Hydralisk  
  89  13:04  Zergling x2  
  100  13:10  Spine Crawler  
  98  13:20  Zergling x4  
  98  13:22  Hydralisk x3  
  106  13:40  Hydralisk x2  
  97  13:42  Hydralisk x2  
  97  13:43  Hydralisk  
  97  13:47  Hydralisk x3  
  95  13:51  Hydralisk x2  
  95  13:54  Hydralisk  
  99  13:58  Drone  
  100  14:03  Zerg Melee Weapons Level 1  
  100  14:05  Hive  
  93  14:31  Overseer  
  91  14:33  Hatchery  
  81  15:05  Overlord  
  81  15:06  Overlord  
  81  15:07  Overlord  
  81  15:15  Overlord  
  81  15:16  Overlord  
  81  15:32  Drone x3  
  81  15:34  Hatchery  
  83  15:43  Hydralisk x4  
  83  15:44  Zergling x4  
  83  15:45  Overlord  
  83  15:48  Hatchery  
  92  15:53  Swarm Host  
  92  15:54  Hydralisk x2  
  99  16:06  Drone  
  99  16:10  Hydralisk x2  
  102  16:15  Overseer  
  102  16:17  Drone  
  103  16:20  Spore Crawler  
Show
View Real Time Build Order
Export as new Build Order

Vudoo Terran 

Build Orders:  

Get SALT Encoding   

  12  0:00  SCV  
  13  0:18  SCV  
  13  0:19  Supply Depot  
  14  0:31  SCV  
  15  0:37  Refinery  
  15  0:43  Barracks  
  16  0:50  SCV  
  16  1:02  SCV  
  17  1:14  SCV  
  18  1:26  SCV  
  18  1:31  Marine  
  20  1:38  Orbital Command  
  20  1:49  Command Center  
  20  1:54  Marine  
  21  2:04  Factory  
  21  2:05  SCV  
  22  2:14  Barracks Tech Lab  
  22  2:17  SCV  
  23  2:29  Supply Depot  
  23  2:43  Refinery  
  23  2:44  Supply Depot  
  23  2:50  SCV  
  24  2:56  Siege Tank  
  27  3:02  Marine  
  27  3:03  SCV  
  29  3:10  Orbital Command  
  29  3:16  SCV  
  30  3:24  Marine  
  31  3:29  Siege Tank  
  34  3:40  Starport  
  34  3:45  Marine  
  35  3:52  SCV  
  35  3:53  SCV  
  37  4:04  Barracks Reactor  
  37  4:09  SCV x2  
  39  4:24  SCV x2  
  41  4:29  Medivac, Command Center  
  43  4:36  Engineering Bay  
  43  4:38  Engineering Bay  
  43  4:42  Marine x2  
  43  4:44  Siege Tank  
  48  4:51  SCV x2  
  48  4:52  Refinery  
  50  4:59  Marine  
  50  5:00  Marine  
  52  5:08  Terran Infantry Armor Level 1, Terran Infantry Weapons Level 1  
  52  5:15  SCV x2  
  54  5:28  Marine x2, SCV x2  
  58  5:29  Supply Depot, Starport Reactor  
  58  5:40  Barracks  
  58  5:49  Marine x2  
  59  5:51  Siege Tank  
  59  5:55  Armory  
  63  5:58  Supply Depot  
  63  6:08  Viking  
  65  6:12  Marine x2  
  67  6:28  Barracks Tech Lab  
  67  6:30  Marine x2, Siege Tank  
  67  6:31  Medivac  
  74  6:37  Supply Depot  
  74  6:39  SCV  
  76  6:40  SCV  
  76  6:44  Refinery  
  76  6:52  SCV  
  62  7:21  Marine x2  
  64  7:26  Barracks  
  64  7:27  Barracks  
  64  7:35  Stimpack  
  64  7:37  Terran Infantry Weapons Level 2  
  64  7:41  Marine  
  64  7:42  Marine x2  
  67  7:59  Marine x2  
  67  8:05  Missile Turret  
  69  8:07  SCV, Missile Turret  
  69  8:08  Marine, SCV, Missile Turret  
  72  8:17  Marine x2  
  75  8:20  SCV x2  
  76  8:32  SCV  
  76  8:34  Marine  
  76  8:39  Marine x2  
  79  8:41  Supply Depot  
  79  8:48  Supply Depot  
  79  8:50  Barracks Reactor x2  
  79  8:52  Marine  
  80  8:57  Marine x2, Orbital Command  
  80  9:00  SCV x2  
  84  9:10  Marine  
  84  9:12  SCV  
  84  9:15  Marine x2  
  88  9:22  Combat Shield  
  88  9:26  Terran Infantry Armor Level 2  
  88  9:27  Marine  
  89  9:33  Marine x6  
  93  9:45  Marine  
  93  9:51  Marine x5  
  94  10:16  Medivac x2  
  94  10:21  SCV x3  
  101  10:30  Marine x7  
  101  10:33  SCV x3  
  111  10:45  SCV x2  
  111  10:46  Medivac x2  
  117  11:00  Marine  
  117  11:08  Marine  
  117  11:10  Marine x5  
  116  11:18  Marine  
  108  11:20  SCV x2  
  108  11:21  SCV  
  103  11:26  Marine  
  103  11:28  Refinery, Marine x5  
  106  11:32  SCV  
  106  11:33  SCV x2  
  106  11:35  Marine  
  110  11:44  Marine  
  110  11:45  Marine x3  
  110  11:46  Marine x2  
  116  11:53  Marine  
  116  11:57  Terran Infantry Armor Level 3, Terran Infantry Weapons Level 3  
  101  12:02  Marine  
  101  12:03  Marine x3  
  101  12:04  Marine x2  
  96  12:09  Barracks  
  96  12:11  Marine, Barracks  
  97  12:19  Marine  
  97  12:20  Refinery  
  97  12:21  Marine x3  
  97  12:22  Marine x2  
  103  12:29  Marine  
  104  12:30  Supply Depot x2  
  104  12:32  Supply Depot x3  
  104  12:34  Medivac x2  
  108  12:37  Marine, Supply Depot  
  108  12:39  Marine x5  
  114  12:47  Marine  
  115  12:55  Marine  
  115  12:57  Marine x5  
  121  13:03  Command Center  
  121  13:04  Marine, Medivac  
  78  13:13  Marine  
  78  13:15  Marine x5  
  78  13:18  Barracks Reactor  
  78  13:19  Barracks Reactor  
  79  13:22  Marine  
  80  13:31  Marine  
  80  13:32  Marine x3  
  80  13:33  Marine x2  
  86  13:37  SCV x3  
  86  13:40  Marine  
  90  13:48  Marine  
  90  13:49  SCV x3  
  90  13:50  Marine x3  
  90  13:51  Marine x2  
  98  13:58  Marine  
  98  14:01  SCV  
  85  14:06  Marine  
  85  14:08  Marine x5  
  83  14:16  Marine  
  79  14:23  Marine x4  
  80  14:24  Marine  
  80  14:26  Marine x5  
  86  14:34  Marine  
  84  14:41  Marine x4  
  84  14:42  Marine  
  84  14:44  Marine x5  
  94  14:51  Marine  
  95  14:58  Marine  
  83  15:42  Medivac x2  
  87  15:55  Marine x4  
  87  15:56  Marine  
Show
View Real Time Build Order
Export as new Build Order

GrymmSundar Zerg 

Build Orders: Hatch First, Roach Hydra, Roach Nydus 

Get SALT Encoding   

  12  0:01  Drone  
  13  0:10  Drone  
  14  0:17  Overlord  
  14  0:36  Drone x3  
  17  0:48  Drone  
  18  1:06  Drone  
  18  1:07  Hatchery  
  18  1:09  Extractor  
  17  1:15  Drone  
  18  1:25  Spawning Pool  
  17  1:35  Drone x2  
  19  1:41  Overlord  
  19  1:53  Drone  
  20  2:10  Drone  
  21  2:22  Queen  
  23  2:28  Zergling x4  
  25  2:30  Drone  
  25  2:33  Hatchery  
  25  2:43  Roach Warren  
  24  2:47  Drone x2  
  24  2:51  Drone  
  27  3:02  Drone x3  
  30  3:19  Lair  
  30  3:21  Overlord  
  30  3:35  Roach x3  
  30  3:39  Overlord  
  36  3:42  Roach  
  36  3:43  Roach x2  
  42  3:53  Extractor, Drone  
  42  3:56  Drone x2  
  42  3:57  Drone  
  45  4:07  Roach x3  
  45  4:09  Roach  
  53  4:27  Extractor, Drone x2  
  53  4:28  Drone x4  
  58  4:35  Metabolic Boost  
  58  4:38  Drone, Evolution Chamber  
  58  4:52  Overlord x3  
  58  5:10  Spore Crawler  
  57  5:17  Nydus Network  
  56  5:21  Roach  
  56  5:22  Roach  
  56  5:23  Pneumatized Carapace  
  56  5:25  Zergling x12  
  56  5:26  Zergling x2  
  67  5:54  Drone  
  67  5:55  Drone x6  
  74  5:58  Zerg Missile Weapons Level 1, Glial Reconstitution  
  74  6:05  Queen  
  76  6:14  Overlord x3  
  76  6:19  Nydus Canal  
  76  6:32  Hydralisk Den  
  63  7:09  Roach x13  
  87  7:24  Roach x5  
  91  7:30  Spine Crawler  
  91  7:35  Drone  
  91  7:45  Overseer  
  91  7:52  Extractor, Hydralisk x3  
  91  7:54  Overlord x4  
  91  7:57  Grooved Spines  
  91  7:58  Zerg Ground Armor Level 1  
  96  8:03  Spore Crawler  
  92  8:32  Hydralisk  
  92  8:33  Hydralisk x5  
  104  8:45  Spore Crawler  
  104  8:46  Drone x3  
  106  8:58  Nydus Canal  
  106  9:08  Muscular Augments  
  106  9:21  Infestation Pit  
  105  9:26  Overlord x2  
  105  9:27  Overlord x2  
  105  9:41  Roach  
  105  9:42  Roach x2  
  93  9:54  Hydralisk  
  93  9:55  Hydralisk  
  87  10:05  Hydralisk  
  87  10:21  Hydralisk x2  
  79  10:22  Hydralisk  
  79  10:42  Hydralisk x2  
  71  10:43  Hydralisk  
  77  11:02  Nydus Canal  
  77  11:06  Hydralisk  
  77  11:07  Hydralisk  
  81  11:24  Nydus Canal  
  75  11:25  Hydralisk  
  75  11:27  Hydralisk  
  71  11:43  Drone x4  
  72  11:56  Nydus Canal  
  68  12:33  Hive  
  68  12:35  Hatchery  
  67  12:39  Drone x3  
  67  12:40  Drone  
  71  12:52  Nydus Canal  
  71  13:05  Drone x5  
  60  13:34  Hydralisk x4  
  68  13:47  Nydus Canal  
  68  13:50  Drone x4  
  68  13:51  Drone x2  
  74  14:20  Drone  
  74  14:21  Drone  
  74  14:24  Overlord x4  
  74  14:32  Queen  
  66  14:54  Hydralisk x4  
  24  15:37  Drone x2  
  24  15:38  Drone x4  
  15  15:59  Drone  
  16  16:14  Drone x2  
  18  16:38  Hatchery  
Show
View Real Time Build Order
Export as new Build Order

Throwfordays Protoss - Winner!

Build Orders: Carriers 

Get SALT Encoding   

  12  0:00  Probe  
  13  0:12  Probe  
  14  0:20  Pylon  
  14  0:25  Probe  
  15  0:38  Probe  
  15  0:39  Gateway  
  16  0:50  Assimilator, Probe  
  17  1:02  Probe  
  18  1:07  Forge  
  18  1:14  Probe  
  19  1:26  Assimilator  
  19  1:29  Probe  
  20  1:42  Probe  
  21  1:54  Probe  
  21  1:58  Nexus  
  22  2:06  Probe  
  23  2:09  Pylon  
  23  2:13  Pylon  
  23  2:22  Pylon  
  23  2:32  Photon Cannon  
  23  2:46  Photon Cannon  
  23  2:51  Photon Cannon  
  23  3:02  Photon Cannon  
  23  3:10  Probe (Chrono Boost)  
  23  3:11  Probe (Chrono Boost)  
  25  3:19  Probe (Chrono Boost)  
  27  3:22  Probe (Chrono Boost)  
  27  3:24  Probe (Chrono Boost)  
  28  3:31  Probe  
  29  3:36  Probe  
  30  3:41  Photon Cannon  
  30  3:43  Probe  
  30  3:48  Photon Cannon, Probe  
  32  3:55  Photon Cannon  
  32  4:00  Probe x2  
  34  4:12  Probe x2  
  34  4:16  Assimilator  
  36  4:22  Assimilator  
  36  4:24  Probe  
  36  4:25  Probe  
  36  4:30  Cybernetics Core  
  38  4:34  Pylon  
  38  4:37  Probe  
  38  4:38  Pylon  
  39  4:45  Pylon  
  39  4:48  Pylon  
  39  4:49  Probe  
  39  4:52  Probe  
  41  5:04  Probe  
  41  5:05  Probe  
  43  5:09  Nexus  
  43  5:14  Pylon  
  43  5:16  Probe  
  43  5:17  Pylon, Probe  
  45  5:24  Warp Gate (Chrono Boost)  
  45  5:30  Stargate  
  45  5:36  Stargate  
  45  5:37  Stargate  
  45  5:41  Protoss Shields Level 1 (Chrono Boost)  
  45  5:42  Stargate  
  45  5:59  Photon Cannon  
  45  6:03  Photon Cannon  
  45  6:05  Shield Battery  
  45  6:07  Shield Battery  
  45  6:11  Photon Cannon  
  45  6:16  Photon Cannon  
  45  6:17  Photon Cannon  
  45  6:20  Photon Cannon  
  45  6:23  Shield Battery  
  45  6:25  Void Ray  
  45  6:28  Void Ray  
  49  6:35  Void Ray  
  57  6:56  Void Ray  
  57  7:05  Probe  
  62  7:17  Probe  
  64  7:30  Probe  
  64  7:34  Pylon  
  64  7:42  Probe  
  65  7:48  Assimilator  
  65  7:51  Assimilator  
  65  7:54  Probe  
  65  7:55  Probe  
  67  8:06  Probe  
  67  8:07  Probe  
  67  8:11  Probe  
  70  8:18  Probe  
  72  8:20  Probe  
  72  8:23  Probe  
  72  8:24  Fleet Beacon  
  73  8:30  Stargate, Probe  
  74  8:35  Probe  
  74  8:39  Cybernetics Core  
  75  8:42  Pylon, Probe  
  75  8:44  Pylon, Protoss Air Weapons Level 1  
  75  8:46  Pylon  
  76  8:48  Pylon  
  76  8:54  Probe  
  77  9:13  Stargate x2  
  77  9:16  Stargate, Carrier  
  95  9:17  Carrier x3  
  95  9:18  Carrier  
  107  9:30  Photon Cannon  
  100  10:03  Probe  
  101  10:08  Pylon  
  101  10:11  Pylon  
  101  10:13  Pylon  
  100  10:15  Probe  
  100  10:16  Pylon  
  95  10:27  Probe  
  82  10:30  Carrier x4  
  82  10:31  Carrier  
  111  10:39  Probe  
  110  10:51  Probe  
  108  11:04  Probe, Carrier x2  
  110  11:16  Probe  
  111  11:22  Carrier  
  117  11:28  Probe  
  118  11:35  Probe  
  119  11:40  Probe  
  120  11:47  Probe  
  120  11:52  Probe  
  122  11:59  Probe (Chrono Boost)  
  123  12:12  Probe (Chrono Boost)  
  123  12:15  Carrier x2  
  136  12:20  Probe (Chrono Boost)  
  136  12:21  Probe (Chrono Boost)  
  138  12:25  Assimilator  
  138  12:26  Probe  
  139  12:30  Assimilator, Probe  
  140  12:38  Probe  
  140  12:42  Probe  
  142  12:50  Protoss Air Armor Level 1  
  142  12:54  Probe  
  142  12:55  Protoss Air Weapons Level 2  
  143  13:06  Probe  
  133  13:20  Carrier x2  
  136  13:32  Probe  
  137  13:38  Photon Cannon  
  137  13:41  Pylon  
  137  13:44  Probe  
  138  13:56  Probe  
  139  14:08  Probe  
  134  14:21  Carrier  
  134  14:22  Carrier  
  137  14:57  Pylon  
Show
View Real Time Build Order
Export as new Build Order

Cthulhu Terran - Winner!

Build Orders:  

Get SALT Encoding   

  12  0:00  SCV  
  13  0:12  SCV  
  14  0:18  Supply Depot  
  14  0:25  SCV  
  15  0:40  SCV  
  16  0:43  Barracks  
  16  0:49  Refinery  
  16  0:52  SCV  
  17  1:04  SCV  
  18  1:11  Refinery  
  18  1:17  SCV  
  19  1:30  Marine  
  20  1:39  Barracks  
  20  1:44  Orbital Command  
  20  1:52  Engineering Bay  
  20  2:09  Marine  
  20  2:12  Bunker  
  21  2:19  SCV  
  21  2:21  Terran Infantry Weapons Level 1  
  22  2:28  Marine  
  23  2:40  Supply Depot  
  23  2:43  Barracks Tech Lab  
  23  2:47  Supply Depot  
  23  3:02  SCV  
  23  3:03  Supply Depot  
  24  3:13  Marine x2  
  26  3:20  Stimpack, Factory  
  26  3:22  SCV  
  27  3:33  Marine x2  
  29  3:39  SCV  
  30  3:58  Command Center  
  30  3:59  SCV  
  31  4:02  Marine  
  32  4:11  Starport  
  32  4:21  Factory Reactor  
  32  4:27  SCV  
  32  4:28  Marine x2  
  35  4:43  Armory  
  35  4:44  SCV  
  36  4:46  Marine  
  37  5:10  Medivac  
  39  5:17  Factory Tech Lab  
  39  5:18  Ghost Academy  
  39  5:24  Orbital Command  
  39  5:31  SCV  
  40  5:36  Medivac  
  40  5:40  Marine, Viking  
  40  5:41  Marine  
  46  6:04  Personal Cloaking  
  46  6:05  Ghost  
  46  6:06  Viking  
  46  6:08  Combat Shield  
  45  7:16  Marine, SCV x2  
  45  7:17  Marine  
  45  7:18  Siege Tank  
  45  7:20  Viking  
  45  7:21  Viking  
  56  7:34  Ghost  
  58  7:40  Nuke  
  58  7:50  Siege Tank  
  61  8:09  Supply Depot  
  61  8:11  Viking x2  
  65  8:48  Viking  
  65  8:49  Viking  
  65  8:55  Supply Depot  
  69  8:57  Ghost Academy  
  69  9:00  SCV x2  
  71  9:05  Refinery x2  
  46  10:01  SCV  
  46  10:02  Marine x2, SCV  
  49  10:14  SCV x2  
  49  10:15  Viking x2  
  52  10:37  Marine, SCV x2  
  52  10:39  Marine  
  52  10:41  Siege Tank  
  59  10:54  Viking x2  
  59  10:56  Nuke  
  63  10:57  Nuke  
  63  10:58  Ghost  
  62  11:23  Siege Tank  
  43  11:49  SCV, Ghost  
  46  12:01  SCV  
  43  12:18  Ghost  
  45  12:29  SCV  
  46  12:34  Command Center  
  46  12:44  SCV  
  47  13:02  SCV  
  48  13:14  SCV  
  42  14:28  Orbital Command  
  42  14:29  Nuke x2  
  42  14:32  Viking, Medivac  
  42  14:34  Marine  
  42  14:35  Marine  
  48  14:52  Ghost  
  50  15:18  SCV  
  50  15:19  SCV, Viking  
  50  15:20  Viking  
  50  15:21  Ghost  
  56  15:28  Starport  
  58  15:29  Refinery, Starport  
  54  15:49  Viking  
  56  15:50  Viking  
Show
View Real Time Build Order
Export as new Build Order

Faust Zerg - Winner!

Build Orders: Hatch First 

Get SALT Encoding   

  12  0:00  Drone  
  13  0:08  Drone  
  14  0:16  Extractor, Drone  
  14  0:22  Extractor  
  14  0:23  Drone  
  14  0:28  Overlord  
  16  0:47  Drone x2  
  18  0:59  Hatchery  
  17  1:11  Spawning Pool  
  17  1:15  Drone  
  17  1:20  Drone x2  
  19  1:47  Hatchery  
  19  1:51  Drone x2  
  20  1:58  Queen  
  22  2:11  Drone x2  
  22  2:12  Drone  
  25  2:17  Queen  
  27  2:25  Drone  
  27  2:29  Overlord  
  28  2:44  Overlord  
  28  2:47  Queen  
  28  2:49  Drone  
  28  2:50  Drone x3  
  34  2:55  Queen  
  36  3:03  Extractor, Drone  
  36  3:04  Drone x2  
  38  3:07  Drone  
  38  3:09  Extractor  
  38  3:10  Drone x2  
  38  3:12  Drone  
  41  3:15  Drone  
  42  3:22  Extractor  
  42  3:23  Extractor, Drone x2  
  42  3:24  Drone  
  43  3:30  Queen  
  45  3:38  Drone x2  
  45  3:39  Drone  
  48  3:55  Roach Warren  
  47  4:06  Lair  
  47  4:07  Metabolic Boost  
  47  4:08  Drone x3  
  50  4:11  Overlord  
  50  4:12  Overlord  
  50  4:27  Overlord  
  50  4:30  Drone x7  
  57  4:33  Drone  
  58  4:42  Overlord x3  
  58  4:47  Pneumatized Carapace  
  58  4:55  Drone x6  
  58  4:59  Overlord  
  64  5:01  Overlord  
  64  5:12  Hatchery  
  63  5:21  Overlord  
  63  5:23  Drone  
  63  5:24  Spire  
  63  5:27  Spore Crawler  
  62  5:28  Spore Crawler  
  62  5:29  Drone  
  62  5:30  Spore Crawler, Drone  
  62  5:32  Drone  
  63  5:37  Hydralisk Den  
  63  5:39  Evolution Chamber  
  63  5:40  Drone x2  
  63  5:56  Overseer  
  63  6:00  Overseer  
  63  6:07  Spore Crawler  
  63  6:08  Drone  
  63  6:09  Drone x3  
  66  6:11  Spore Crawler  
  65  6:41  Mutalisk x10  
  65  6:42  Extractor, Mutalisk x2  
  65  6:43  Extractor  
  65  6:44  Zergling x2  
  65  6:46  Zergling x12  
  94  6:52  Drone x3  
  97  6:56  Drone  
  98  7:23  Zergling x2  
  98  7:24  Zergling x26  
  111  7:36  Zergling x4, Mutalisk x2  
  115  7:41  Zerg Flyer Weapons Level 1  
  114  7:44  Zerg Melee Weapons Level 1  
  114  7:48  Infestation Pit  
  113  8:01  Mutalisk x3  
  106  8:20  Mutalisk  
  106  8:21  Mutalisk x3  
  106  8:23  Zergling x6  
  106  8:24  Zergling x8  
  119  8:30  Baneling Nest  
  119  8:32  Zergling x2  
  119  8:33  Zergling x12  
  119  8:37  Overlord x2  
  119  8:38  Overlord  
  119  8:48  Hive  
  119  8:58  Drone x3  
  119  9:00  Drone  
  119  9:01  Queen, Drone x4  
  100  9:30  Zergling x20  
  100  9:31  Zergling x16  
  117  9:39  Baneling  
  117  9:40  Baneling x4  
  117  9:41  Zergling x4  
  119  9:47  Zerg Flyer Weapons Level 2  
  119  9:52  Baneling, Spire  
  118  9:53  Baneling x12  
  118  9:54  Zergling x2  
  118  9:55  Zergling x16  
  127  10:04  Drone  
  127  10:05  Extractor x2, Drone x2  
  128  10:09  Adrenal Glands  
  128  10:11  Zerg Melee Weapons Level 2  
  128  10:17  Evolution Chamber  
  127  10:31  Centrifical Hooks  
  127  10:45  Drone x2  
  127  10:46  Drone x2  
  127  10:47  Drone x10  
  141  10:59  Mutalisk  
  141  11:00  Extractor, Hatchery, Mutalisk  
  141  11:01  Extractor  
  141  11:02  Overlord x3  
  141  11:03  Overlord x3  
  94  11:24  Zergling x2  
  94  11:25  Zergling x20  
  76  11:47  Drone x4  
  76  11:54  Zerg Ground Armor Level 1  
  80  11:58  Zerg Flyer Armor Level 1  
  67  12:13  Mutalisk  
  67  12:14  Mutalisk x7  
  83  12:21  Mutalisk  
  85  12:31  Mutalisk x3  
  91  12:38  Mutalisk x3  
  91  12:43  Hatchery  
  96  12:45  Extractor  
  96  12:47  Extractor  
  94  12:53  Drone x2  
  94  12:54  Drone  
  97  13:04  Drone x2  
  97  13:05  Drone x4  
  103  13:17  Drone x2  
  103  13:18  Drone x7  
  103  13:19  Mutalisk x2  
  106  13:47  Mutalisk x9  
  122  13:53  Mutalisk  
  122  13:54  Mutalisk  
  126  14:03  Drone x5  
  131  14:30  Mutalisk x9  
  143  14:41  Zergling x2  
  143  14:42  Zergling x14  
  147  14:49  Drone x4  
  147  14:50  Drone  
  109  15:14  Zergling x2  
  109  15:15  Zergling x26  
  109  15:19  Baneling  
  122  15:23  Drone x2  
  122  15:24  Drone  
  122  15:27  Queen  
  127  15:30  Drone  
  127  15:32  Drone x3  
  131  15:39  Baneling x6  
  131  15:40  Baneling x4  
  131  15:41  Baneling x6  
  131  15:42  Baneling x3  
  131  15:53  Drone x6  
  137  16:01  Zergling x18  
  137  16:02  Zergling x2  
Tags
 
Add a new tag
Caveats
  • Supply blocks, unpowered buildings, or Contaminate may cause inaccurate times.
  • Supply counts are checked every 10 seconds.